 Dungeon Crawl Stone Soup version 0.28-a0-793-g31680bbd8b (webtiles) character file.

Game seed: 16295347296690047370

236 kae the Caller (level 6, -10/31 HPs)
             Began as a Vine Stalker Summoner on Nov 3, 2021.
             Mangled by a wight (28 damage)
             ... on level 3 of the Dungeon.
             The game lasted 00:06:02 (4889 turns).

kae the Caller (Vine Stalker Summoner)              Turns: 4889, Time: 00:06:03

Health: -10/31     AC:  2    Str: 11    XL:     6   Next: 6%
Magic:  0/12       EV: 12    Int: 17    God:
Gold:   107        SH:  0    Dex: 14    Spells: 3/12 levels left

rFire   . . .      SeeInvis .   f - +0 dagger
rCold   . . .      Faith    .   (no shield)
rNeg    . . .      Spirit   +   a - +0 robe
rPois   .          Reflect  .   (no helmet)
rElec   .          Harm     .   (no cloak)
rCorr   .          Rampage  .   (no gloves)
Will    .....                   (no boots)
Stlth   ++........              (no amulet)
HPRegen 1.10/turn               (no ring)
MPRegen 0.13/turn               (no ring)

@: very slightly contaminated
A: fangs 2, regeneration 1, magic shield, antimagic bite, no potion heal 2
a: no special abilities


You were on level 3 of the Dungeon.
You visited 1 branch of the dungeon, and saw 3 of its levels.

You collected 107 gold pieces.

Inventory:

Hand Weapons
 f - a +0 dagger (weapon)
Armour
 a - a +0 robe (worn)
Jewellery
 i - a +6 ring of intelligence
 j - an amulet of faith
Scrolls
 d - 4 scrolls of teleportation
Potions
 b - a potion of curing {unknown}
 c - a potion of brilliance
 e - a potion of berserk rage {unknown}
 g - a potion of attraction {unknown}
 h - a potion of invisibility {unknown}
 k - a potion of lignification
 l - a potion of experience {unknown}


   Skills:
 + Level 2.3 Fighting
 - Level 1.5 Dodging
 - Level 2.4 Stealth
 + Level 3.5 Spellcasting
 * Level 5.8 Summonings


You had 3 spell levels left.
You knew the following spells:

 Your Spells              Type           Power      Damage    Failure   Level
a - Summon Small Mammal   Summ           88%        N/A       1%          1
b - Call Imp              Summ           22%        N/A       2%          2
c - Call Canine Familiar  Summ           22%        N/A       4%          3
d - Summon Guardian Gole  Hex/Summ       12%        N/A       16%         3

Your spell library contained the following spells:

 Spells                   Type           Power      Damage    Failure   Level
 Summon Lightning Spire   Summ/Air       12%        N/A       45%         4


Dungeon Overview and Level Annotations

Branches:
Dungeon (3/15)

Altars:

Shops:
D:1 [

Annotations:
D:2 Sigmund


Innate Abilities, Weirdness & Mutations

You have extremely sharp teeth.
Your natural rate of healing is unusually fast.
When hurt, damage is shared between your health and your magic reserves.
Your bite disrupts and absorbs the magic of your enemies.
Potions cannot restore your health.


Message History

Your experience leads to an increase in your attributes!
Increase (S)trength, (I)ntelligence, or (D)exterity?
You feel clever.
You start resting.
Your quokka disappears in a puff of smoke! x2
Your white imp disappears in a puff of smoke!
Magic restored.
This spell is quite dangerous to cast!
Memorise Summon Guardian Golem, consuming 3 spell levels and leaving 3?
You start memorising the spell.
You continue memorising. x3
You finish memorising.
Spell assigned to 'd'.
Okay, then.
Unknown command.
Things that are here:
a +1 short sword; a +0 robe
l - a red potion 2 wights come into view.
Found a scroll labelled NIECRI VOKKO.
There are monsters nearby!
There are monsters nearby!
The wight closely misses you.
Casting: Call Imp (safe; 2% risk of failure)
Confirm with . or Enter, or press ? or * to list all spells.
You miscast Call Canine Familiar.
You are very lightly contaminated with residual magic.
Nothing appears to happen.
The wight misses you.
Casting: Call Canine Familiar (dangerous; 4% risk of failure)
Confirm with . or Enter, or press ? or * to list all spells.
The wight hits you with a +5 great sword!!
Ouch! That really hurt!
The wight closely misses you.
Your hound closely misses the wight.
Casting: Call Canine Familiar (dangerous; 4% risk of failure)
Confirm with . or Enter, or press ? or * to list all spells.
A beastly little devil appears in a puff of flame.
Your hound misses the wight. The wight closely misses you.
Your hound closely misses the wight.
Your hound bites the wight but does no damage.
The wight hits you with a +5 great sword!!
Ouch! That really hurt!
You die...

...............#...##.#.#########
...............#.####.#.#...#....
...........(...#.# #.#.#.#.#.###
.รท.............#.# #.#.....#.#
...............#.# #.###.###.#
<###....#......#.####.#.....#.#
.# #.##.#.......).....#.#.#.#.#
.###.##.#.......).....#.#.#.#.#
.)..[.#.#.......@5....#.#.#.#.#
..)...#)#.......z.....#.#.#.#.#
...............h......#.#.#.#.#
#...).....##..#.......#.#.#.#.#
..........###.#.......#<#...#.#
..........###.##.####.#######.#
...............#.# #.#.......#
.####..........#.####.#.#######
.# ##...........##..[..5.#


You could see a wight (ally target), a friendly hound (summoned) and a friendly
crimson imp (summoned).

Vanquished Creatures
  2 wights (D:3)
  Jessica (D:2)
  An adder (D:3)
  A dart slug (D:2)
  2 orcs (D:3)
  3 endoplasms
  2 giant cockroaches
  7 goblins (D:2)
  6 hobgoblins
  2 ball pythons
  3 bats
  3 rats
33 creatures vanquished.

Vanquished Creatures (collateral kills)
  Robin (D:2)
  3 adders (D:2)
  2 dart slugs (D:1)
  3 orcs (D:3)
  2 ball pythons (D:1)
  An endoplasm (D:3)
  A giant cockroach (D:1)
  7 goblins
  5 hobgoblins
  2 kobolds (D:1)
  2 quokkas
  4 bats
  4 rats
  A spectral kobold (D:2)
38 creatures vanquished.

Grand Total: 71 creatures vanquished

Notes
Turn   | Place    | Note
-------+----------+-------------------------------------------
     0 | D:1      | kae the Vine Stalker Summoner began the quest for the Orb.
     0 | D:1      | Reached XP level 1. HP: 9/9 MP: 4/4
   353 | D:1      | Reached XP level 2. HP: 14/14 MP: 3/6
   556 | D:1      | Found Pugew's Armour Shop.
  1342 | D:2      | Noticed Sigmund
  1543 | D:2      | Reached XP level 3. HP: 15/17 MP: 5/7
  1856 | D:1      | Learned a level 2 spell: Call Imp
  1860 | D:1      | Learned a level 3 spell: Call Canine Familiar
  2546 | D:1      | Reached skill level 1 in Fighting
  3004 | D:2      | Noticed Jessica
  3090 | D:2      | Killed Jessica
  3091 | D:2      | Gained mutation: Your natural rate of healing is unusually
                  | fast. [Vine Stalker growth]
  3091 | D:2      | Reached XP level 4. HP: 2/22 MP: 0/9
  3274 | D:2      | Reached skill level 5 in Summonings
  3350 | D:2      | Found a faded altar of an unknown god.
  3493 | D:2      | Noticed Robin
  3639 | D:2      | Killed Robin
  3641 | D:2      | Reached XP level 5. HP: 22/26 MP: 2/10
  4769 | D:3      | Reached XP level 6. HP: 31/31 MP: 3/12
  4839 | D:3      | Learned a level 3 spell: Summon Guardian Golem
  4889 | D:3      | Mangled by a wight

Illustrated notes

Levels and vault maps discovered:
D:1:      psy_arrival_radial02, layout_basic, serial_shops,
          nicolae_diamond_shop, nrook_loot_triangle
D:2:      layout_rooms, dreamdust_ecumenical_altar_drowned_temple, uniq_sigmund,
          uniq_robin, uniq_jessica
D:3:      layout_basic

Skill      XL: |  1  2  3  4  5 |
---------------+----------------+-----
Fighting       | 1 2 |  2.3
Summonings     | 5 |  5.8
Spellcasting   | 3 |  3.5
Dodging        | |  1.5
Stealth        | |  2.4

Action                   |  1- 3 |  4- 6 || total
-------------------------+-------+-------++-------
Melee: Unarmed           |    77 |       ||    77
       Bite              |    19 |    27 ||    46
       Dagger            |       |    88 ||    88
 Cast: Summon Small Mamm |    31 |    18 ||    49
       Call Imp          |     5 |    13 ||    18
       Call Canine Famil |     1 |     8 ||     9
  Use: Scroll            |     4 |       ||     4
       Potion            |     1 |       ||     1
 Stab: Sleeping          |     3 |     3 ||     6
       Distracted        |     1 |       ||     1
Armor: Robe              |    21 |    20 ||    41
       Skin              |     4 |       ||     4
Dodge: Dodged            |    66 |    68 ||   134

Table legend: (Time is in decaauts)
 A = Elapsed time spent in this place.
 B = Non-inter-level travel time spent in this place.
 C = Inter-level travel time spent in this place.
 D = Time resting spent in this place.
 E = Time spent auto-exploring this place.
 F = Levels seen in this place.
 G = Mean time per level.
                   A        B        C        D        E       F      G
               +--------+--------+--------+--------+--------+-----+--------+
         Total |   4910 |   4638 |    272 |   2483 |   1200 |   3 | 1636.7 |
       Dungeon |   4910 |   4638 |    272 |   2483 |   1200 |   3 | 1636.7 |
               +--------+--------+--------+--------+--------+-----+--------+

Top non-repeatable levels by time:
     D:1: 2129 daAuts
     D:2: 1908 daAuts
     D:3: 873 daAuts
